 Dungeon Crawl Stone Soup version 0.17.0-28-g6e173f8 (webtiles) character file.

20 M4edhros the Sneak (level 2, 0/18 HPs)
             Began as an Octopode Wanderer on Nov 26, 2015.
             Slain by a jackal (1 damage)
             ... on level 1 of the Dungeon.
             The game lasted 00:00:29 (463 turns).

M4edhros the Sneak (Octopode Wanderer)               Turns: 463, Time: 00:00:29

Health: 0/18       AC:  1    Str:  9 (12) XL:     2   Next: 79%
Magic:  2/2        EV: 12    Int: 14      God:
Gold:   23         SH:  0    Dex: 10      Spells: 0 memorised, 1 level left

rFire  . . .     SeeInvis .     b - +0 falchion
rCold  . . .     Clarity  .     (no shield)
rNeg   . . .     SustAt   .     (helmet restricted)
rPois  .         Gourm    .     (no amulet)
rElec  .         Spirit   .     (no ring)
rCorr  .         Warding  .     (no ring)
rMut   .         Stasis   .     (no ring)
MR     .....                    (no ring)
Stlth  ++++......               (no ring)
                                (no ring)
                                (no ring)
                                (no ring)

@: not resistant to hostile enchantments, stealthy
A: almost no armour, amphibious, 8 rings, constrict 8, camouflage 1, mutation
resistance 1, wild magic 1, gelatinous body 1
a: no special abilities


You were on level 1 of the Dungeon.
You were not hungry.

You visited 1 branch of the dungeon, and saw 1 of its levels.

You collected 23 gold pieces.

Inventory:

Hand Weapons
 b - a +0 falchion (weapon)
 d - a +0 dagger
Missiles
 a - 3 throwing nets (quivered)
Scrolls
 c - a scroll of teleportation
 i - a scroll of fog {unknown}
Potions
 h - a potion of curing {unknown}
Comestibles
 e - a bread ration


   Skills:
 - Level 1.0 Fighting
 - Level 3.0 Long Blades
 - Level 2.0 Dodging
 + Level 4.6 Stealth
 - Level 2.0 Unarmed Combat


You had one spell level left.
You didn't know any spells.

Dungeon Overview and Level Annotations

Branches:
Dungeon (1/15)

Altars:


Innate Abilities, Weirdness & Mutations

You cannot wear most types of armour.
You are amphibious.
You can wear up to eight rings at the same time.
You can use your tentacles to constrict eight enemies at once.
Your skin changes colour to match your surroundings (Stealth).
Your rubbery body absorbs attacks (AC +1).
You are somewhat resistant to further mutation.
Your spells are a little harder to cast, but a little more powerful.


Message History

You hit the jackal. You grab the jackal.
The jackal is almost dead.
You constrict the jackal.
You kill the jackal!
The jackal closely misses you. The jackal bites you.
* * * LOW HITPOINT WARNING * * *
The jackal barely misses you.
Drink which item? (? for menu, Esc to quit)
It was a potion of degeneration.
There was something very wrong with that liquid.
You feel weakened. The jackal barely misses you. The jackal bites you.
* * * LOW HITPOINT WARNING * * *
The jackal bites you.
* * * LOW HITPOINT WARNING * * *
Drink which item? (? for menu, Esc to quit)
It was a potion of mutation.
You feel extremely strange.
You feel genetically stable.
You feel less in control of your magic. The jackal completely misses you.
The jackal bites you.
You die...

##...########.# #.
#.....# #.### ##.
..#### #.....#
#...####.. #
....##.....#
#.#..#.... #..
#..#.....#
.###.##.....#
#..[.##..#...##
.....#....###
#...........##
##......##
#.....###...####.#
###......## #....
##...@h..###....###...
.... ##...h####..#..#
#.## ...
#.#.......#..## #.##
..
###########.#####.## .
##P#P♣....'..÷.##.##
♣.#P♣..≈≈≈#.##..#.##
♣<....8≈##.........
♣[#P♣..≈≈≈#.........
##P#P♣....+.#####.#.


You could see 2 jackals.

Vanquished Creatures
  An ooze (D:1)
  2 giant geckos (D:1)
  5 bats (D:1)
  2 hobgoblins (D:1)
  2 jackals (D:1)
  A goblin (D:1)
  A rat (D:1)
14 creatures vanquished.

Notes
Turn   | Place    | Note
--------------------------------------------------------------
     0 | D:1      | M4edhros the Octopode Wanderer began the quest for the Orb.
     0 | D:1      | M4edhros set off with: 3 throwing nets, a +0 falchion, a scroll of teleportation, a +0 dagger, a bread ration
     0 | D:1      | Reached XP level 1. HP: 13/13 MP: 1/1
    73 | D:1      | Reached XP level 2. HP: 2/18 MP: 2/2
   391 | D:1      | Reached skill level 4 in Stealth
   463 | D:1      | Gained mutation: You are somewhat resistant to further mutation. [potion of mutation]
   463 | D:1      | Gained mutation: Your spells are a little harder to cast, but a little more powerful. [potion of mutation]
   463 | D:1      | Slain by a jackal

Action                   || total
-------------------------++-------
Melee: Falchion          ||    33
  Use: Potion            ||     2
 Stab: Sleeping          ||     3
